 Dungeon Crawl Stone Soup version 0.31-a0-1074-g0b22e4e0f1 (webtiles) character file.

Game seed: 4707717917693408833

37 wildpjah the Changeling (level 3, 0/26 HPs)
             Began as a Merfolk Shapeshifter on Dec 5, 2023.
             Succumbed to an adder's poison
             ... on level 2 of the Dungeon.
             The game lasted 00:01:32 (1107 turns).

wildpjah the Changeling (Merfolk Shapeshifter)      Turns: 1107, Time: 00:01:32

Health: 0/26       AC:  2    Str: 14    XL:     3   Next: 39%
Magic:  3/3        EV: 12    Int:  9    God:
Gold:   77         SH:  4    Dex: 15    Spells: 2/2 levels left

rFire   . . .        l - +0 short sword
rCold   . . .        m - +0 buckler
rNeg    . . .        a - +0 animal skin
rPois   .            (helmet currently unavailable)
rElec   .            (cloak currently unavailable)
rCorr   .            (gloves currently unavailable)
SInv    .            (boots currently unavailable)
Will    .....        (no amulet)
Stlth   ++           (no ring)
HPRegen 0.24/turn    (no ring)
MPRegen 0.08/turn

%: no passive effects
@: lethally poisoned (0 -> -13), beast-form
A: beast (slay +2), (nimble swimmer 2), mertail
a: Begin Untransformation


You were on level 2 of the Dungeon.
You were a hulking beast.
You visited 1 branch of the dungeon, and saw 2 of its levels.

You collected 77 gold pieces.

Inventory:

Hand Weapons
 l - a +0 short sword (weapon)
Armour
 a - a +0 animal skin (worn)
 m - a +0 buckler (worn)
Talismans
 c - a beast talisman
 d - a flux talisman
Scrolls
 e - 2 scrolls of fog {unknown}
 f - 3 scrolls of identify {unknown}
 i - a scroll of vulnerability {unknown}
 j - a scroll of teleportation {unknown}
Potions
 b - a potion of lignification
 g - a potion of berserk rage {unknown}
 h - a potion of curing {unknown}
 k - a potion of invisibility {unknown}


   Skills:
 + Level 1.2 Fighting
 * Level 3.3 Dodging
 + Level 1.3 Stealth
 - Level 3.2 Unarmed Combat
 + Level 4.8 Shapeshifting


You had 2 spell levels left.
You didn't know any spells.
Your spell library was empty.

Dungeon Overview and Level Annotations

Branches:
Dungeon (2/15)

Altars:
Nemelex Xobeh


Innate Abilities, Weirdness & Mutations

You are a hulking beast.
Your limbs bulge with bestial killing power. (Slay +2)
((You are very nimble when in or above water. (Stealth+, EV+, Speed+++)))
Your lower body shifts to a powerful aquatic tail in water.


Message History

You are poisoned.
The adder poisons you!
You barely miss the ball python.
The ball python is severely wounded.
You feel sick. The ball python bites you. The ball python constricts you.
The adder bites you.
You are more poisoned.
The adder poisons you!
You hit the ball python but do no damage.
The ball python is severely wounded.
You feel very sick. The ball python barely misses you.
The ball python constricts you. You block the adder's attack.
The ball python completely misses you. The ball python constricts you.
You are too injured to fight recklessly!
You are too injured to fight recklessly!
You are too injured to fight recklessly!
You are too injured to fight recklessly!
You are too injured to fight recklessly!
You are too injured to fight recklessly!
You are too injured to fight recklessly!
You are too injured to fight recklessly!
You are too injured to fight recklessly!
You are too injured to fight recklessly!
You are too injured to fight recklessly!
You are too injured to fight recklessly!
You are too injured to fight recklessly!
You are too injured to fight recklessly!
You puncture the ball python!
You kill the ball python!
You feel sick. The adder closely misses you. The adder bites you.
You are lethally poisoned!
The adder poisons you!
* * * LOW HITPOINT WARNING * * *
You feel sick. The adder bites you.
* * * LOW HITPOINT WARNING * * *
You are more poisoned.
The adder poisons you!
You miss the adder.
You die...

#.......###.#......
.....?$..##.#.....#
.........##.#...#.#
..>......#......#.#
.........#.#.#.....
...................
#........#......##.
.......)..........
......Sh.......####
............#....
...........##.####
.......[.#.....
#.......###.....
##.....## ...#
....... #.# .......
.. ..! ###


You could see an adder.

Vanquished Creatures
  3 dart slugs (D:1)
  4 endoplasms
  A giant cockroach (D:2)
  2 goblins
  2 hobgoblins (D:2)
  4 jackals (D:2)
  A kobold (D:1)
  4 ball pythons
  2 bats (D:1)
  2 frilled lizards
  2 rats
27 creatures vanquished.

Notes
Turn   | Place    | Note
-------+----------+-------------------------------------------
     0 | D:1      | wildpjah the Merfolk Shapeshifter began the quest for the
                  | Orb.
     0 | D:1      | Reached XP level 1. HP: 15/15 MP: 1/1
   263 | D:1      | Reached XP level 2. HP: 13/21 MP: 2/2
   794 | D:2      | Found a sparkling altar of Nemelex Xobeh.
   804 | D:2      | Reached skill level 1 in Stealth
   817 | D:2      | Reached XP level 3. HP: 26/26 MP: 3/3
  1107 | D:2      | Succumbed to an adder's poison

Illustrated notes

Levels and vault maps discovered:
D:1:      lightli_arrival_chessboard, layout_basic, serial_glass,
          glass_columns_a, glass_columns_b, feat_on_display,
          hangedman_decor_growths
D:2:      layout_rooms, basic_altar, uniq_crazy_yiuf_cottage

Skill      XL: |  1  2 |
---------------+-------+-----
Dodging        | 3 |  3.3
Stealth        | 1 |  1.3
Fighting       | |  1.2
Unarmed Combat | |  3.2
Shapeshifting  | |  4.8

Action                     || total
---------------------------++-------
  Melee: Unarmed           ||    70
         Short sword       ||    21
   Stab: Sleeping          ||     4
 Armour: Animal skin       ||    55
  Dodge: Dodged            ||    75
  Block: Buckler           ||     3

Table legend: (Time is in decaauts)
 A = Elapsed time spent in this place.
 B = Non-inter-level travel time spent in this place.
 C = Inter-level travel time spent in this place.
 D = Time resting spent in this place.
 E = Time spent auto-exploring this place.
 F = Levels seen in this place.
 G = Mean time per level.
                   A        B        C        D        E       F      G
               +--------+--------+--------+--------+--------+-----+--------+
         Total |   1102 |   1002 |    100 |     71 |    726 |   2 |  551.0 |
       Dungeon |   1102 |   1002 |    100 |     71 |    726 |   2 |  551.0 |
               +--------+--------+--------+--------+--------+-----+--------+

Top non-repeatable levels by time:
     D:1: 869 daAuts
     D:2: 232 daAuts
